APP
BURLINGTON ROYALS @ SEATTLE (APP) MARINERS
08/08/2044
 
TOP OF THE 1ST
Burlington Royals batting - Pitching for Seattle (APP) Mariners : RHP Ian Gaines
Pitching: RHP Ian Gaines
Batting: LHB Ernesto Abreu 0-0: Ball
1-0: Ball
2-0: Called Strike
2-1: Called Strike
2-2: Strikes out swinging
Batting: RHB Tim Persson 0-0: Called Strike
0-1: Ball
1-1: Swinging Strike
1-2: Foul Ball, location: 2F
1-2: SINGLE (Line Drive, 89S, EV 88.8 MPH)
Batting: SHB Manny Berrones 0-0: Called Strike
Tim Persson steals 2nd base (no throw)
0-1: Ball
1-1: Ball
2-1: Ball
3-1: Fly out, F8 (Flyball, 78D, EV 100.0 MPH)
Batting: SHB Danny Ballenger 0-0: Ball
1-0: Ball
2-0: Foul Ball, location: 2F
2-1: Foul Ball, location: 2F
2-2: Ball
3-2: Ground out 5-3 (Groundball, 56, EV 85.0 MPH)
Top of the 1st over - 0 runs, 1 hit, 0 errors, 1 left on base; Burlington 0 - Seattle (APP) 0
BOTTOM OF THE 1ST
Seattle (APP) Mariners batting - Pitching for Burlington Royals : RHP Steve Ryals
Pitching: RHP Steve Ryals
Batting: SHB Tony Morales 0-0: Called Strike
0-1: Ball
1-1: Foul Ball, location: 2F
1-2: SOLO HOME RUN (Flyball, 9D, EV 94.4 MPH), Distance : 357 ft
Batting: RHB Mike Conaway 0-0: Fly out, F8 (Flyball, 8LM, EV 92.5 MPH)
Batting: LHB Omar Colunga 0-0: Ball
1-0: Called Strike
1-1: Called Strike
1-2: Foul Ball, location: 2F
1-2: Strikes out swinging
Batting: RHB Chris Olheiser 0-0: Called Strike
0-1: Ball
1-1: Called Strike
1-2: Strikes out looking
Bottom of the 1st over - 1 run, 1 hit, 0 errors, 0 left on base; Burlington 0 - Seattle (APP) 1
TOP OF THE 2ND
Burlington Royals batting - Pitching for Seattle (APP) Mariners : RHP Ian Gaines
Batting: LHB Bobby Gonzalez 0-0: Called Strike
0-1: Called Strike
0-2: Ball
1-2: Strikes out swinging
Batting: RHB Rob Ward 0-0: Ball
1-0: SINGLE (Groundball, 6MD, EV 106.9 MPH)
Batting: SHB Marcos Cortez 0-0: Called Strike
0-1: Foul Ball, location: 2F
0-2: Ball
1-2: Foul Ball, location: 2F
1-2: Ball
2-2: Fielders Choice at 2nd, 6-4 (Groundball, 6, EV 83.1 MPH)
Batting: RHB Shane Bruce 0-0: Swinging Strike
0-1: Foul Ball, location: 2F
0-2: Strikes out looking
Top of the 2nd over - 0 runs, 1 hit, 0 errors, 1 left on base; Burlington 0 - Seattle (APP) 1
BOTTOM OF THE 2ND
Seattle (APP) Mariners batting - Pitching for Burlington Royals : RHP Steve Ryals
Batting: RHB Ivan Davila 0-0: Called Strike
0-1: Ball
1-1: Ground out 5-3 (Groundball, 5L, EV 106.9 MPH)
Batting: RHB Chris Van Niel 0-0: Ball
1-0: Ball
2-0: Foul Ball, location: 2F
2-1: DOUBLE (Line Drive, 7LD, EV 105.6 MPH)
Batting: RHB Tomokazu Sugimoto 0-0: Called Strike
0-1: Ground out 4-3 (Groundball, 4, EV 83.8 MPH)
Chris Van Niel to third
Batting: RHB John Vasquez 0-0: Foul Ball, location: 2F
0-1: Foul Ball, location: 2F
0-2: Ball
Wild Pitch!
Chris Van Niel scores
1-2: Strikes out looking
Bottom of the 2nd over - 1 run, 1 hit, 0 errors, 0 left on base; Burlington 0 - Seattle (APP) 2
TOP OF THE 3RD
Burlington Royals batting - Pitching for Seattle (APP) Mariners : RHP Ian Gaines
Batting: RHB Matthew Orphan 0-0: Ground out 6-3 (Groundball, 6S, EV 91.2 MPH)
Batting: LHB Ernesto Abreu 0-0: Called Strike
0-1: Ball
1-1: Ball
2-1: Foul Ball, location: 2F
2-2: Strikes out swinging
Batting: RHB Tim Persson 0-0: Fly out, F8 (Line Drive, 8LD, EV 105.0 MPH)
Top of the 3rd over - 0 runs, 0 hits, 0 errors, 0 left on base; Burlington 0 - Seattle (APP) 2
BOTTOM OF THE 3RD
Seattle (APP) Mariners batting - Pitching for Burlington Royals : RHP Steve Ryals
Batting: RHB Houston Brock 0-0: Foul Ball, location: 2F
0-1: Ball
1-1: Called Strike
1-2: Strikes out looking
Batting: SHB Tony Morales 0-0: Called Strike
0-1: Called Strike
0-2: Ball
1-2: Foul Ball, location: 2F
1-2: Ball
2-2: Ball
3-2: Strikes out swinging
Batting: RHB Mike Conaway 0-0: Called Strike
0-1: Foul Ball, location: 2F
0-2: Ball
1-2: DOUBLE (Line Drive, 7D, EV 91.2 MPH)
Batting: LHB Omar Colunga 0-0: Ball
1-0: DOUBLE (Line Drive, 78M, EV 89.4 MPH)
Mike Conaway scores
Batting: RHB Chris Olheiser 0-0: Ball
1-0: Foul Ball, location: 2F
1-1: Ball
Wild Pitch!
Omar Colunga to third
2-1: Called Strike
2-2: Ball
3-2: Base on Balls
Batting: RHB Ivan Davila 0-0: Ball
1-0: Ball
2-0: Called Strike
2-1: Ball
3-1: Base on Balls
Chris Olheiser to second
Batting: RHB Chris Van Niel 0-0: Foul Ball, location: 2F
0-1: Ball
1-1: Foul Ball, location: 2F
1-2: Ground out 1-3 (Groundball, 34S, EV 70.0 MPH)
Bottom of the 3rd over - 1 run, 2 hits, 0 errors, 3 left on base; Burlington 0 - Seattle (APP) 3
TOP OF THE 4TH
Burlington Royals batting - Pitching for Seattle (APP) Mariners : RHP Ian Gaines
Batting: SHB Manny Berrones 0-0: Called Strike
0-1: Foul Ball, location: 2F
0-2: Strikes out swinging
Batting: SHB Danny Ballenger 0-0: Ball
1-0: Foul Ball, location: 2F
1-1: Called Strike
1-2: Ground out 4-3 (Groundball, 4, EV 106.2 MPH)
Batting: LHB Bobby Gonzalez 0-0: Called Strike
0-1: Ground out U3 (Groundball, 3, EV 98.1 MPH)
Top of the 4th over - 0 runs, 0 hits, 0 errors, 0 left on base; Burlington 0 - Seattle (APP) 3
BOTTOM OF THE 4TH
Seattle (APP) Mariners batting - Pitching for Burlington Royals : RHP Steve Ryals
Batting: RHB Tomokazu Sugimoto 0-0: Ball
1-0: Swinging Strike
1-1: Called Strike
1-2: Ball
2-2: Ball
3-2: Base on Balls
Batting: RHB John Vasquez 0-0: Swinging Strike
0-1: Ball
1-1: Ball
2-1: Called Strike
2-2: Strikes out swinging
Batting: RHB Houston Brock 0-0: Called Strike
Tomokazu Sugimoto steals 2nd base
0-1: Ball
Passed Ball!
Tomokazu Sugimoto to third
1-1: Ball
2-1: Called Strike
2-2: Foul Ball, location: 2F
2-2: Ground out 1-3 (Groundball, 34S, EV 63.1 MPH)
Pitching: RHP Philip Terrell
Batting: SHB Tony Morales 0-0: Called Strike
0-1: Ball
1-1: Called Strike
1-2: Strikes out swinging
Bottom of the 4th over - 0 runs, 0 hits, 0 errors, 1 left on base; Burlington 0 - Seattle (APP) 3
TOP OF THE 5TH
Burlington Royals batting - Pitching for Seattle (APP) Mariners : RHP Ian Gaines
Batting: RHB Rob Ward 0-0: Ground out 6-3 (Groundball, 56, EV 111.2 MPH)
Batting: SHB Marcos Cortez 0-0: Ball
1-0: Ball
2-0: Ball
3-0: Base on Balls
Batting: RHB Shane Bruce 0-0: Ball
1-0: Swinging Strike
1-1: Fly out, F7 (Flyball, 7LS, EV 90.6 MPH)
Batting: RHB Matthew Orphan 0-0: Ball
1-0: Called Strike
1-1: Foul Ball, location: 2F
1-2: Fielders Choice at 2nd, 6-4 (Groundball, 6, EV 86.2 MPH)
Top of the 5th over - 0 runs, 0 hits, 0 errors, 1 left on base; Burlington 0 - Seattle (APP) 3
BOTTOM OF THE 5TH
Seattle (APP) Mariners batting - Pitching for Burlington Royals : RHP Philip Terrell
Batting: RHB Mike Conaway 0-0: Ball
1-0: Ball
2-0: Ball
3-0: Base on Balls
Batting: LHB Omar Colunga 0-0: Ball
Mike Conaway is caught stealing 2nd base 2-6
1-0: Called Strike
1-1: Called Strike
1-2: Foul Ball, location: 2F
1-2: Strikes out swinging
Batting: RHB Chris Olheiser 0-0: Ball
1-0: Ball
2-0: Foul Ball, location: 2F
2-1: SINGLE (Line Drive, 9LS, EV 91.9 MPH)
Batting: RHB Ivan Davila 0-0: Called Strike
0-1: 2-RUN HOME RUN (Flyball, 78XD, EV 100.6 MPH), Distance : 404 ft
Batting: RHB Chris Van Niel 0-0: SOLO HOME RUN (Flyball, 7LD, EV 90.6 MPH), Distance : 334 ft
Pitching: RHP Angel Castorena
Batting: RHB Tomokazu Sugimoto 0-0: Ball
1-0: Ball
2-0: Ball
3-0: Base on Balls
Batting: RHB John Vasquez 0-0: Ball
1-0: Foul Ball, location: 2F
1-1: Foul Ball, location: 2F
1-2: Strikes out swinging
Bottom of the 5th over - 3 runs, 3 hits, 0 errors, 1 left on base; Burlington 0 - Seattle (APP) 6
TOP OF THE 6TH
Burlington Royals batting - Pitching for Seattle (APP) Mariners : RHP Ian Gaines
Batting: LHB Ernesto Abreu 0-0: Swinging Strike
0-1: Ball
1-1: Foul Ball, location: 2F
1-2: Strikes out swinging
Batting: RHB Tim Persson 0-0: Ball
1-0: Swinging Strike
1-1: Swinging Strike
1-2: Ball
2-2: Strikes out swinging
Batting: SHB Manny Berrones 0-0: Ball
1-0: Fly out, F7 (Flyball, 78XD, EV 106.2 MPH)
Top of the 6th over - 0 runs, 0 hits, 0 errors, 0 left on base; Burlington 0 - Seattle (APP) 6
BOTTOM OF THE 6TH
Seattle (APP) Mariners batting - Pitching for Burlington Royals : RHP Angel Castorena
Batting: RHB Houston Brock 0-0: Called Strike
0-1: Reached on error, E5 (Groundball, 5S, EV 83.1 MPH)
Batting: SHB Tony Morales 0-0: Called Strike
0-1: Called Strike
Houston Brock steals 3rd base
0-2: Ball
1-2: Ball
2-2: Ball
3-2: Foul Ball, location: 2F
3-2: Base on Balls
Batting: RHB Mike Conaway 0-0: Ball
1-0: Called Strike
1-1: SINGLE (Line Drive, 8LM, EV 106.2 MPH)
Houston Brock scores
Tony Morales to second
Batting: LHB Omar Colunga 0-0: Ball
1-0: Swinging Strike
1-1: Ball
Wild Pitch!
Tony Morales to third
Mike Conaway to second
2-1: Foul Ball, location: 2F
2-2: Foul Ball, location: 2F
2-2: Foul Ball, location: 2F
2-2: Foul Ball, location: 2F
2-2: Foul Ball, location: 2F
2-2: DOUBLE (Flyball, 78XD, EV 107.5 MPH)
Tony Morales scores
Mike Conaway scores
Batting: RHB Chris Olheiser 0-0: Called Strike
0-1: Foul Ball, location: 2F
0-2: Strikes out swinging
Batting: RHB Ivan Davila 0-0: Fly out, F8 (Line Drive, 8LM, EV 95.0 MPH)
Batting: RHB Chris Van Niel 0-0: Ball
1-0: Ball
2-0: Swinging Strike
2-1: Foul Ball, location: 2F
2-2: Foul Ball, location: 2F
2-2: Ball
3-2: Foul Ball, location: 2F
3-2: Base on Balls
Batting: RHB Tomokazu Sugimoto 0-0: Ball
1-0: Ball
2-0: Ball
3-0: Called Strike
3-1: Base on Balls
Omar Colunga to third
Chris Van Niel to second
Batting: RHB John Vasquez 0-0: Ball
1-0: Swinging Strike
1-1: Ball
2-1: Fly out, F8 (Flyball, 8RM, EV 88.1 MPH)
Bottom of the 6th over - 3 runs, 2 hits, 1 error, 3 left on base; Burlington 0 - Seattle (APP) 9
TOP OF THE 7TH
Burlington Royals batting - Pitching for Seattle (APP) Mariners : RHP Ian Gaines
Pitching: RHP Willie Sanchez
Batting: SHB Danny Ballenger 0-0: Ball
1-0: Ball
2-0: Swinging Strike
2-1: Ground out 6-3 (Groundball, 6M, EV 90.6 MPH)
Batting: LHB Bobby Gonzalez 0-0: Foul Ball, location: 2F
0-1: Ball
1-1: Called Strike
1-2: Foul Ball, location: 2F
1-2: Strikes out looking
Batting: RHB Rob Ward 0-0: Ball
1-0: Foul Ball, location: 2F
1-1: Ball
2-1: Ball
3-1: Foul Ball, location: 2F
3-2: Strikes out swinging
Top of the 7th over - 0 runs, 0 hits, 0 errors, 0 left on base; Burlington 0 - Seattle (APP) 9
BOTTOM OF THE 7TH
Seattle (APP) Mariners batting - Pitching for Burlington Royals : RHP Angel Castorena
Batting: RHB Houston Brock 0-0: Called Strike
0-1: Ball
1-1: Ball
2-1: Ball
3-1: Called Strike
3-2: Ground out 6-3 (Groundball, 6S, EV 65.0 MPH)
Batting: SHB Tony Morales 0-0: Ball
1-0: Foul Ball, location: 2F
1-1: Ball
2-1: Ball
3-1: Called Strike
3-2: SINGLE (Line Drive, 9S, EV 101.2 MPH)
Pitching: RHP Tony Jimenez
Batting: RHB Mike Conaway 0-0: Called Strike
0-1: Ball
1-1: Ball
2-1: Foul Ball, location: 2F
2-2: Fielders Choice at 2nd, 5-4 (Groundball, 56S, EV 91.9 MPH)
Batting: LHB Omar Colunga 0-0: Called Strike
0-1: Called Strike
0-2: Foul Ball, location: 2F
0-2: Ball
Passed Ball!
Mike Conaway to second
1-2: Foul Ball, location: 2F
1-2: Ball
2-2: Ball
3-2: Strikes out swinging
Bottom of the 7th over - 0 runs, 1 hit, 0 errors, 1 left on base; Burlington 0 - Seattle (APP) 9
TOP OF THE 8TH
Burlington Royals batting - Pitching for Seattle (APP) Mariners : RHP Willie Sanchez
Batting: SHB Marcos Cortez 0-0: Ball
1-0: Ball
2-0: Fly out, F8 (Flyball, 8LS, EV 93.1 MPH)
Batting: RHB Shane Bruce 0-0: Called Strike
0-1: Ball
1-1: Ball
2-1: Called Strike
2-2: Strikes out swinging, 2-3 out at first.
Batting: RHB Matthew Orphan 0-0: Ground out 5-3 (Groundball, 5, EV 90.0 MPH)
Top of the 8th over - 0 runs, 0 hits, 0 errors, 0 left on base; Burlington 0 - Seattle (APP) 9
BOTTOM OF THE 8TH
Seattle (APP) Mariners batting - Pitching for Burlington Royals : RHP Tony Jimenez
Batting: RHB Chris Olheiser 0-0: SINGLE (Groundball, 56, EV 95.6 MPH)
Batting: RHB Ivan Davila 0-0: Foul Ball, location: 2F
0-1: Ball
1-1: Ball
2-1: Ball
3-1: Base on Balls
Chris Olheiser to second
Batting: RHB Chris Van Niel 0-0: Swinging Strike
0-1: Foul Ball, location: 2F
0-2: Ball
1-2: Foul Ball, location: 2F
1-2: Strikes out swinging
Batting: RHB Tomokazu Sugimoto 0-0: Ball
1-0: Ball
2-0: Ball
3-0: Base on Balls
Chris Olheiser to third
Ivan Davila to second
Batting: RHB John Vasquez 0-0: Ball
1-0: Ball
2-0: Called Strike
2-1: Fly out, F9 (Line Drive, 9, EV 89.4 MPH)
Throwing error, E9
Chris Olheiser scores
Ivan Davila to third
Tomokazu Sugimoto to second
Batting: RHB Houston Brock 0-0: Called Strike
0-1: Called Strike
0-2: Strikes out swinging
Bottom of the 8th over - 1 run, 1 hit, 1 error, 2 left on base; Burlington 0 - Seattle (APP) 10
TOP OF THE 9TH
Burlington Royals batting - Pitching for Seattle (APP) Mariners : RHP Willie Sanchez
Batting: LHB Ernesto Abreu 0-0: SINGLE (Groundball, 34D, EV 98.8 MPH)
Batting: RHB Tim Persson 0-0: Fielders Choice at 2nd, 5-4 (Groundball, 5L, EV 90.6 MPH)
Batting: SHB Manny Berrones 0-0: Called Strike
0-1: Swinging Strike
0-2: Strikes out looking
Batting: SHB Danny Ballenger 0-0: Called Strike
0-1: Ground out 4-3 (Groundball, 4, EV 86.9 MPH)
Top of the 9th over - 0 runs, 1 hit, 0 errors, 1 left on base; Burlington 0 - Seattle (APP) 10
Thursday, March 31st , 2022 - OOTP Baseball 22.12 Build 89